 Dungeon Crawl Stone Soup version 0.26-a0-259-g1effd001a9 (webtiles) character file.

Game seed: 4640759164619874592

78034 mortelune the Fencer (level 16, -16/131 HPs)
             Began as a Formicid Abyssal Knight on July 14, 2020.
             Was a High Priest of Lugonu.
             Demolished by Agnes
             ... wielding a +2 lajatang of speed
              (18 damage)
             ... on level 14 of the Dungeon.
             The game lasted 00:59:28 (33029 turns).

mortelune the Fencer (Formicid Abyssal Knight)     Turns: 33029, Time: 00:59:29

Health: -16/131    AC: 28    Str: 22    XL:     16   Next: 7%
Magic:  0/35       EV:  8    Int: 13    God:    Lugonu [*****.]
Gold:   1645       SH: 12    Dex: 14    Spells: 15/15 levels left

rFire    + . .     SeeInvis +   x - +3 triple sword (protect)
rCold    + . .     Faith    .   v - +0 kite shield
rNeg     . . .     Spirit   +   g - +0 plate armour
rPois    +         Reflect  .   (helmet unavailable)
rElec    +         Harm     .   n - scarf {rC+ rF+}
rCorr    .         NoCast   +   H - +2 pair of gloves of Doin Ezu {-Cast rElec rPois Regen+}
MR       +....                  Z - +0 pair of boots {Stlth+}
Stlth    ..........             t - amulet of Cumys {Spirit Slay+5 Stlth+}
HPRegen  0.71/turn              u - ring of the Octopus King {MP+9 AC+1 EV+1 Str+1 Int+1 Dex+1}
MPRegen  0.24/turn              V - ring of Zimofaq {rElec Slay+4}

@: protection aura, very slightly contaminated, invisible
A: permanent stasis, dig shafts and tunnels, four strong arms, antennae 3
a: Dig, Shaft Self, Depart the Abyss, Bend Space, Banish, Corrupt, Enter the
Abyss, Renounce Religion


You were on level 14 of the Dungeon.
You worshipped Lugonu.
Lugonu was extremely pleased with you.
You were not hungry.

You visited 2 branches of the dungeon, and saw 20 of its levels.
You visited the Abyss 1 time.
You also visited: Gauntlet and Volcano.

You collected 1645 gold pieces.

Inventory:

Hand Weapons
 x - a +3 triple sword of protection (weapon)
 E - a +3 triple sword of holy wrath
Missiles
 r - 15 boomerangs (quivered)
 S - 21 silver javelins
Armour
 g - a +0 plate armour (worn)
 n - a scarf of resistance (worn)
 v - a +0 kite shield (worn)
 H - the +2 pair of gloves of Doin Ezu (worn) {-Cast rElec rPois Regen+}
   (You acquired it in a Gauntlet)

   It insulates you from electricity.
   It protects you from poison.
   It prevents spellcasting.
   It increases your rate of regeneration.
 Z - a +0 pair of boots of stealth (worn)
Jewellery
 b - the ring of Julaj {rF+ rCorr Int+5}
   (You found it in a Gauntlet)

   [ring of resist corrosion]

   It affects your intelligence (+5).
   It protects you from fire.
   It provides partial protection from all sources of acid and corrosion.
 t - the amulet of Cumys (around neck) {Spirit Slay+5 Stlth+}
   (You found it on level 12 of the Dungeon)

   [amulet of guardian spirit]

   It causes incoming damage to be split between your health and magic.
   It affects your accuracy and damage with ranged weapons and melee attacks
   (+5).
   It makes you more stealthy.
 u - a ring of the Octopus King (left hand) {MP+9 AC+1 EV+1 Str+1 Int+1 Dex+1}
   (You took it off an orc on level 11 of the Dungeon)

   [ring of magical power]

   It affects your AC (+1).
   It affects your evasion (+1).
   It affects your strength (+1).
   It affects your intelligence (+1).
   It affects your dexterity (+1).
   It affects your magic capacity (+9).
 F - an uncursed ring of protection from fire
 L - an uncursed ring of ice
 M - an uncursed ring of protection from magic
 N - an uncursed ring of positive energy
 V - the ring of Zimofaq (right hand) {rElec Slay+4}
   (You acquired it on level 6 of the Lair of Beasts)

   [ring of slaying]

   It affects your accuracy and damage with ranged weapons and melee attacks
   (+4).
   It insulates you from electricity.
Wands
 a - a wand of flame (7)
 d - a wand of disintegration (16)
 j - a wand of iceblast (7)
 q - a wand of polymorph (26)
 D - a wand of digging (12)
 I - a wand of paralysis (20)
 P - a wand of random effects (34)
 R - a wand of enslavement (14)
Scrolls
 e - 2 scrolls of fear
 f - 5 scrolls of fog
 h - 3 scrolls of magic mapping
 i - 3 scrolls of identify
 K - 4 scrolls of amnesia
 Q - 5 scrolls of remove curse
 T - 3 scrolls of enchant armour
 U - a scroll of holy word
 W - a scroll of silence
 Y - a scroll of immolation
Potions
 k - 4 potions of brilliance
 l - 5 potions of lignification
 m - 5 potions of berserk rage
 p - a potion of stabbing
 s - 4 potions of magic
 w - 8 potions of curing
 z - 3 potions of resistance
 B - 2 potions of flight
 C - 3 potions of mutation
 J - 3 potions of ambrosia
Miscellaneous
 o - 2 boxes of beasts
 y - a lightning rod (4/4)
 O - 3 phantom mirrors
Comestibles
 c - 80 rations


   Skills:
 + Level 13.5 Fighting
 * Level 16.7 Long Blades
 + Level 11.4 Armour
 - Level 0.8 Dodging
 - Level 9.0 Shields
 + Level 13.5 Invocations


You had 15 spell levels left.
You didn't know any spells.
Your spell library contained the following spells:

 Spells                   Type           Power        Failure   Level
 Animate Skeleton         Necr           #.....       98%         1
 Beastly Appendage        Tmut           #.....       98%         1
 Freeze                   Ice            #...         98%         1
 Magic Dart               Conj           #...         98%         1
 Pain                     Necr           #...         98%         1
 Sandblast                Erth           #.....       98%         1
 Sting                    Tmut/Pois      #...         98%         1
 Passwall                 Tmut/Erth      #.......     99%         2
 Poisonous Vapours        Pois/Air       #.....       99%         2
 Searing Ray              Conj           #.....       99%         2
 Sticks to Snakes         Tmut           #.......     99%         2
 Confusing Touch          Hex            #.......     100%        3
 Conjure Flame            Conj/Fire      #.......     100%        3
 Dazzling Flash           Conj/Hex       #.....       100%        3
 Frozen Ramparts          Ice            #.....       100%        3
 Gell's Gravitas          Tloc           #.........   100%        3
 Ignite Poison            Fire/Tmut/Pois #.......     100%        3
 Mephitic Cloud           Conj/Pois/Air  #.......     100%        3
 Ozocubu's Armour         Chrm/Ice       #.......     100%        3
 Recall                   Summ/Tloc      N/A          100%        3
 Spider Form              Tmut/Pois      #.........   100%        3
 Stone Arrow              Conj/Erth      #.....       100%        3
 Vampiric Draining        Necr           #.........   100%        3
 Animate Dead             Necr           #.........   100%        4
 Fulminant Prism          Conj/Hex       #.........   100%        4
 Hailstorm                Conj/Ice       #.......     100%        4
 Ice Form                 Ice/Tmut       #.......     100%        4
 Iskenderun's Mystic Bla  Conj/Tloc      #.......     100%        4
 Olgreb's Toxic Radiance  Pois           #.......     100%        4
 Passage of Golubria      Tloc           N/A          100%        4
 Petrify                  Tmut/Erth      #.......     100%        4
 Summon Ice Beast         Ice/Summ       #.......     100%        4
 Agony                    Necr           #.......     100%        5
 Aura of Abjuration       Summ           #.........   100%        5
 Blade Hands              Tmut           #.........   100%        5
 Lee's Rapid Deconstruct  Erth           #.........   100%        5
 Metabolic Englaciation   Hex/Ice        #.........   100%        5
 Summon Demon             Summ           #.........   100%        5
 Summon Forest            Summ/Tloc      #.........   100%        5
 Summon Mana Viper        Hex/Summ       #.......     100%        5
 Yara's Violent Unravell  Hex/Tmut       #.........   100%        5
 Darkness                 Hex            #.........   100%        6
 Freezing Cloud           Conj/Ice/Air   #.........   100%        6
 Invisibility             Hex            #.......     100%        6
 Shadow Creatures         Summ           N/A          100%        6
 Ring of Flames           Chrm/Fire      #.........   100%        7
 Chain Lightning          Conj/Air       #.........   100%        8
 Lehudib's Crystal Spear  Conj/Erth      #.........   100%        8
 Absolute Zero            Ice            #.........   100%        9
 Fire Storm               Conj/Fire      #.........   100%        9
 Swiftness                Chrm/Air       Unusable     N/A         2

Dungeon Overview and Level Annotations

Branches:
Dungeon (14/15)            Temple (0/1) D:7            Lair (6/6) D:8
  Swamp (0/4) Lair:2        Snake (0/4) Lair:3        Slime (0/5) Lair:5
    Orc (0/2) D:12         Vaults (0/5) D:13        Volcano (visited)
Gauntlet (visited)

Altars:
Ashenzari
Cheibriados
Dithmenos
Gozag
Hepliaklqana
Makhleb
Qazlal
Ru
Sif Muna
Trog
Xom
Yredelemnul
Zin
The Shining One

Portals:
Hell: Lair:6

Annotations:
D:2 Sigmund
D:6 angel
D:10 corrupted
D:14 Agnes
Lair:1 2 runed translucent doors, drasked's ghost, journeyman DEFE
Abyss:1 Gastronok


Innate Abilities, Weirdness & Mutations

You cannot be hasted, slowed, berserked, paralysed or teleported.
You can dig through walls and to a lower floor.
Your four strong arms can wield two-handed weapons with a shield.
You have a pair of large antennae on your head. (SInv)


Message History

Aim: Agnes, wielding a +2 lajatang of speed and wearing a +0 robe (heavily wounded, chance to defeat MR: 26%)
Okay, then.
You feel much better. Agnes hits you but does no damage.
Agnes hits you with a +2 lajatang of speed!
You fade into invisibility!
Agnes bows.
You block Agnes's attack. Agnes barely misses you.
You are very lightly contaminated with residual magic.
You miss Agnes.
Agnes is heavily wounded.
Agnes hits you with a +2 lajatang of speed!
Agnes hits you with a +2 lajatang of speed!!
* * * LOW HITPOINT WARNING * * *
You slice Agnes!!
Your weapon exudes an aura of protection.
Agnes is almost dead.
Agnes hits you with a +2 lajatang of speed!!
* * * LOW HITPOINT WARNING * * *
Agnes hits you with a +2 lajatang of speed!!
You die...

......#....#
......#....#
......#.)..#
......##(###
......##(#######
#............
#....(.......
#.....############.##
####....(##.....@i......
.....###.....########.#.
..#### ####..# ..# #..#
..# #..# ..# #..# ..#
#..# ..# #..# ###
#####..#


You could see Agnes.

Vanquished Creatures
  Jorgrun (D:14)
  Rupert (D:13)
  A minotaur (Gauntlet)
  A death ooze (Gauntlet)
  An ogre mage (D:13)
  Fannar (D:12)
  A catoblepas (Lair:6)
  4 vault guards (D:13)
  A death knight (D:13)
  A queen ant (Lair:5)
  5 two-headed ogres
  A tengu warrior (D:13)
  3 death yaks (Lair:4)
  Nergalle (D:10)
  A sun demon (Lair:6)
  A hell knight (Volcano)
  A fire crab (Lair:6)
  A wizard (Lair:6)
  An unseen horror (D:11)
  Pikel (D:4)
  A deep elf archer (D:13)
  An orc knight (D:13)
  2 salamanders (Volcano)
  2 cyclopes
  An ice statue (Gauntlet)
  12 elephants
  A black mamba (Lair:6)
  A molten gargoyle (Volcano)
  3 gargoyles
  2 orange demons (Lair:6)
  Psyche (D:8)
  11 cane toads
  A torpor snail (Lair:6)
  14 rime drakes
  3 centaur skeletons
  4 freezing wraiths (D:13)
  7 komodo dragons
  A hellwing (Lair:6)
  4 ice devils (Lair:6)
  A tengu conjurer (D:13)
  A polar bear (Lair:3)
  3 slime creatures
  13 hippogriffs
  2 wyverns
  2 wraiths
  34 yaks
  3 vampires
  A fire bat (Volcano)
  A basilisk (D:14)
  A human (D:13)
  8 steam dragons (Lair:3)
  6 soldier ants
  3 hell hounds (Lair:6)
  18 water moccasins
  An acid dragon (Lair:3)
  Duvessa (D:7)
  5 porcupines
  An ice beast (D:11)
  2 sky beasts
  4 ogres
  3 orc warriors
  An eye of draining (D:13)
  6 phantoms
  3 black bears
  6 necrophages
  19 wolves
  12 centaurs
  2 lemures
  13 crocodiles
  A big kobold (D:11)
  20 bullfrogs
  A wyvern zombie (D:13)
  Dowan (D:7)
  A water moccasin zombie (D:5)
  A wyvern skeleton (D:13)
  8 scorpions
  12 killer bees
  20 wights
  2 howler monkeys (D:3)
  5 electric eels
  A bullfrog zombie (D:12)
  4 centaur zombies
  6 lava snakes (Volcano)
  3 quasits
  15 orc priests
  2 bullfrog skeletons
  7 hounds
  21 jellies
  28 orc wizards
  3 iguanas
  17 worker ants
  A killer bee zombie (D:7)
  A hound zombie (D:5)
  12 gnolls
  3 worker ant zombies
  15 adders
  A shadow imp (D:5)
  3 white imps
  An ufetubus (D:7)
  18 oozes
  An adder skeleton (D:10)
  3 dart slugs
  12 leopard geckos
  87 orcs
  3 ball pythons
  5 bats
  5 giant cockroaches
  6 goblins
  11 hobgoblins
  10 jackals
  11 kobolds
  3 quokkas
  5 frilled lizards
  A leopard gecko skeleton (D:4)
  A quokka skeleton (D:5)
  4 rats
679 creatures vanquished.

Vanquished Creatures (others)
  2 entropy weavers (Lair:5)
  A blizzard demon (Gauntlet)
  3 hydras
  A queen ant (Gauntlet)
  A two-headed ogre (D:10)
  A salamander mystic (Volcano)
  2 salamanders (Volcano)
  A slime creature (D:11)
  A queen bee (D:10)
  A hornet (D:9)
  A hippogriff (D:10)
  5 soldier ants (Gauntlet)
  24 killer bees (D:10)
  An orc wizard (D:10)
  A worker ant (D:10)
  A white imp (Gauntlet)
  3 jackals (D:10)
  7 fungi
  5 plants
62 creatures vanquished.

Grand Total: 741 creatures vanquished

Notes
Turn   | Place    | Note
-------+----------+-------------------------------------------
     0 | Abyss:1  | mortelune the Formicid Abyssal Knight began the quest for
                  | the Orb.
     0 | Abyss:1  | Reached XP level 1. HP: 18/18 MP: 2/2
    77 | Abyss:1  | Noticed a large abomination
    78 | D:1      | Escaped the Abyss
   122 | D:1      | Reached XP level 2. HP: 11/24 MP: 3/3
   818 | D:1      | Reached * piety under Lugonu
   863 | D:1      | Reached XP level 3. HP: 30/30 MP: 4/4
   870 | D:1      | Reached skill level 3 in Long Blades
  1741 | D:2      | Noticed Sigmund
  2069 | D:2      | Found an opulent altar of Gozag.
  2102 | D:2      | Reached XP level 4. HP: 37/37 MP: 5/5
  2462 | D:3      | Reached skill level 4 in Long Blades
  2464 | D:3      | Reached XP level 5. HP: 39/42 MP: 6/6
  3526 | D:3      | Reached skill level 5 in Long Blades
  3526 | D:3      | Reached XP level 6. HP: 32/50 MP: 7/7
  3737 | D:4      | Reached ** piety under Lugonu
  3896 | D:3      | Reached skill level 5 in Fighting
  4173 | D:3      | Reached XP level 7. HP: 32/56 MP: 8/8
  4352 | D:3      | Reached skill level 6 in Long Blades
  5431 | D:4      | Found a hazy altar of Hepliaklqana.
  5853 | D:4      | Reached XP level 8. HP: 28/64 MP: 9/9
  6085 | D:4      | Found a bloodstained altar of Trog.
  6431 | D:5      | Entered Level 5 of the Dungeon
  6463 | D:5      | Reached skill level 7 in Long Blades
  6570 | D:4      | Reached skill level 1 in Shields
  6716 | D:5      | Reached *** piety under Lugonu
  8148 | D:5      | Found a sacrificial altar of Ru.
  8438 | D:5      | Reached skill level 8 in Long Blades
  8470 | D:5      | Noticed Pikel
  8532 | D:4      | Killed Pikel
  8532 | D:4      | Reached XP level 9. HP: 56/72 MP: 10/12
  8786 | D:5      | Found a shattered altar of Ashenzari.
  8786 | D:5      | Found a snail-covered altar of Cheibriados.
  8959 | D:6      | Found a transporter.
  9336 | D:6      | Reached skill level 9 in Long Blades
  9499 | D:6      | Found a transporter.
  9564 | D:6      | Found a stormy altar of Qazlal.
  9764 | D:6      | Found a basalt altar of Yredelemnul.
  9803 | D:6      | Found a glowing golden altar of the Shining One.
  9810 | D:6      | Reached skill level 5 in Invocations
  9820 | D:6      | Noticed an angel
 10057 | D:6      | Reached skill level 5 in Shields
 10288 | D:6      | Reached XP level 10. HP: 80/80 MP: 12/14
 10652 | D:7      | Reached **** piety under Lugonu
 10811 | D:7      | Found a staircase to the Ecumenical Temple.
 10959 | D:7      | Noticed Dowan
 10959 | D:7      | Noticed Duvessa
 10977 | D:7      | Killed Duvessa
 11001 | D:7      | Killed Dowan
 11001 | D:7      | Reached skill level 10 in Long Blades
 12102 | D:7      | Found a shimmering altar of Xom.
 12180 | D:7      | Found a shimmering blue altar of Sif Muna.
 12181 | D:7      | Found a glowing silver altar of Zin.
 12498 | D:8      | Found a staircase to the Lair.
 13479 | D:8      | Noticed Psyche
 13483 | D:8      | Killed Psyche
 13547 | D:8      | Got a brightly glowing spear
 13548 | D:8      | Identified the +4 spear of the Desert {flame, *Corrode
                  | Str+5 Int+4 Dex+4} (You found it on level 8 of the Dungeon)
 13604 | D:9      | Reached XP level 11. HP: 74/86 MP: 13/16
 13650 | D:9      | Reached ***** piety under Lugonu
 14110 | D:9      | Noticed a two-headed ogre
 14118 | D:9      | Killed a two-headed ogre
 14118 | D:9      | Reached skill level 11 in Long Blades
 14332 | D:9      | Noticed a two-headed ogre
 14343 | D:9      | Killed a two-headed ogre
 15237 | D:10     | Entered Level 10 of the Dungeon
 15254 | D:10     | Noticed a two-headed ogre
 15263 | D:10     | Killed a two-headed ogre
 15263 | D:10     | Reached skill level 5 in Armour
 15347 | D:10     | Noticed Nergalle
 15379 | D:10     | Killed Nergalle
 16300 | D:10     | Corrupted D:10
 16300 | D:10     | Noticed a glowing orange brain
 16300 | D:10     | Noticed a bone dragon
 16300 | D:10     | Noticed a spatial maelstrom
 16300 | D:10     | Noticed a tentacled starspawn
 16300 | D:10     | Noticed a purple draconian monk
 16301 | D:10     | Noticed a thrashing horror
 16364 | D:10     | Killed a two-headed ogre
 16763 | D:10     | Reached XP level 12. HP: 54/96 MP: 10/18
 16945 | D:10     | Reached skill level 12 in Long Blades
 18233 | D:11     | Reached skill level 10 in Fighting
 18310 | D:11     | HP: 2/97 [slime creature (11)]
 18811 | D:11     | Noticed an unseen horror
 18820 | D:11     | Killed an unseen horror
 19147 | D:11     | Found a shadowy altar of Dithmenos.
 19784 | D:11     | Identified a ring of the Octopus King {MP+9 AC+1 EV+1 Str+1
                  | Int+1 Dex+1}
 20496 | D:12     | Found a staircase to the Orcish Mines.
 20505 | D:12     | Noticed a two-headed ogre
 20527 | D:12     | Killed a two-headed ogre
 20539 | D:12     | Reached skill level 13 in Long Blades
 20563 | D:12     | Got a bound silver amulet
 20679 | D:12     | Noticed Fannar
 20703 | D:12     | Killed Fannar
 21002 | D:12     | Reached XP level 13. HP: 93/104 MP: 20/20
 21285 | D:12     | Reached skill level 10 in Invocations
 21363 | D:12     | Identified the amulet of Cumys {Spirit Slay+5 Stlth+} (You
                  | found it on level 12 of the Dungeon)
 21484 | Lair:1   | Entered Level 1 of the Lair of Beasts
 21603 | Lair:1   | Found a dark tunnel.
 21610 | Volcano  | Entered a volcano
 21931 | Volcano  | Found a radiant altar of Vehumet.
 21938 | Volcano  | Reached ****** piety under Lugonu
 23245 | Lair:1   | Found a large runed translucent door.
 23245 | Lair:1   | Found a large runed translucent door.
 23265 | Lair:1   | Noticed drasked's ghost (journeyman DEFE)
 23644 | Lair:2   | Reached skill level 14 in Long Blades
 24619 | Lair:2   | Found a staircase to the Swamp.
 24850 | Lair:3   | Reached XP level 14. HP: 114/114 MP: 22/22
 24918 | Lair:3   | Found a frozen archway.
 25559 | Lair:3   | Noticed Gastronok
 25567 | Lair:3   | Banished Gastronok
 26080 | Lair:3   | You fall into a shaft and drop 1 floor!
 26121 | Lair:4   | Got a scorched short sword
 26123 | Lair:4   | Identified the +9 short sword "Lifebane" {freeze, *Corrode
                  | rC+ Dex+4} (You found it on level 4 of the Lair of Beasts)
 26202 | Lair:4   | Found a gate leading to a gauntlet.
 26213 | Gauntlet | Entered a Gauntlet
 26213 | Gauntlet | Found a transporter.
 26213 | Gauntlet | Found a transporter.
 26213 | Gauntlet | Noticed a dire elephant
 26227 | Gauntlet | Found a transporter.
 26242 | Gauntlet | Found a transporter.
 26248 | Gauntlet | Found a transporter.
 26266 | Gauntlet | Found a transporter.
 26274 | Gauntlet | Found a transporter.
 26291 | Gauntlet | Found a transporter.
 26329 | Gauntlet | Found a transporter.
 26333 | Gauntlet | Found a transporter.
 26344 | Gauntlet | Found a transporter.
 26375 | Gauntlet | Found a transporter.
 26449 | Gauntlet | Corrupted Gauntlet
 27003 | Gauntlet | Got a clouded wooden ring
 27013 | Gauntlet | Reached skill level 15 in Long Blades
 27018 | Gauntlet | Identified the ring of Julaj {rF+ rCorr Int+5} (You found
                  | it in a Gauntlet)
 27208 | Gauntlet | Identified a scroll of acquirement
 27209 | Gauntlet | Acquired the +2 pair of gloves of Doin Ezu {-Cast rElec
                  | rPois Regen+}
 27622 | Gauntlet | Noticed a minotaur
 27637 | Gauntlet | Killed a minotaur
 28321 | Lair:4   | Reached skill level 10 in Armour
 29224 | Lair:5   | Found a staircase to the Slime Pits.
 29399 | Lair:5   | Noticed an entropy weaver
 29399 | Lair:5   | Noticed an entropy weaver
 29400 | Lair:5   | Banished an entropy weaver
 29408 | Lair:5   | Banished an entropy weaver
 29435 | Lair:5   | Reached XP level 15. HP: 104/122 MP: 24/24
 29940 | Lair:6   | Entered Level 6 of the Lair of Beasts
 30862 | Lair:6   | Reached skill level 16 in Long Blades
 30921 | Lair:6   | Found a burning altar of Makhleb.
 31060 | Lair:6   | Found a gateway to Hell.
 31440 | Lair:6   | Acquired a +0 triple sword of protection
 31441 | Lair:6   | Acquired the ring of Zimofaq {rElec Slay+4}
 32131 | D:13     | Noticed Rupert
 32143 | D:13     | Killed Rupert
 32588 | D:13     | Found a gate to the Vaults.
 32770 | D:14     | Noticed Jorgrun
 32784 | D:14     | Killed Jorgrun
 32784 | D:14     | Reached XP level 16. HP: 62/131 MP: 16/26
 33016 | D:14     | Noticed Agnes
 33029 | D:14     | HP: 2/131 [Agnes/+2 lajatang of speed (18)]
 33029 | D:14     | Demolished by Agnes

Illustrated notes

Levels and vault maps discovered:
D:1:      dpeg_arrival_round_b, layout_loops_ring, nrook_campfire,
          minmay_misc_feat_more_columns, item_on_display_a
D:2:      layout_loops_cross, nicolae_gozag_cash_rules_everything_around_me,
          first_ration, uniq_sigmund
D:3:      layout_loops_corners
D:4:      layout_rooms, lemuel_crystal_altar, trog_hazing_becter
D:5:      layout_basic, kennysheep_little_box, gammafunk_temple_overflow_wave,
          uniq_pikel
D:6:      gammafunk_cloud_chamber, layout_basic, grunt_temple_overflow_holy_war,
          grunt_qazlal_sundering
D:7:      layout_loops_ring, lemuel_round_altar,
          gammafunk_temple_overflow_statue, minmay_temple_entry_junction,
          kennysheep_donut, uniq_duvessa
D:8:      layout_rooms, lair_entry_dummy, uniq_psyche
D:9:      layout_roguey
D:10:     layout_roguey [special_room_bee], grunt_ogre_cave,
          kennysheep_cluttered_room, uniq_nergalle
D:11:     layout_gridville, serial_undead, serial_undead_e, serial_undead_f,
          serial_undead_c, serial_undead_c, grunt_dithmenos_smoke
D:12:     lemuel_slime, layout_loops_ring, hiddenorc2_lemuel, uniq_fannar
D:13:     layout_basic, grunt_vaults_entry_fortified, minivault_26,
          minivault_10, uniq_rupert
D:14:     layout_basic, minmay_misc_feat_iff, uniq_agnes, uniq_jorgrun
Lair:1:   layout_cave_pods, ebering_ghost_disaster_area,
          nicolae_volcano_entry_s_turn
Lair:2:   layout_chaotic_city, minmay_swamp_entry_worms, grunt_megastairs_1
Lair:3:   layout_loops_ring, minmay_snake_entry_guardpost_small,
          portal_ice_cave_rime, bobbens_dragon_lair_wall, uniq_gastronok
Lair:4:   beast_lair_carwin_large_2, layout_regular_city, gauntlet_entry_generic
Lair:5:   layout_layer_cave, minmay_slime_entry_jelly_boxes, wad_woods_antlair
Lair:6:   evil_forest, layout_small_grid

Skill      XL: |  1  2  3  4  5  6  7  8  9 10 11 12 13 14 15 |
---------------+----------------------------------------------+-----
Long Blades    | 3 4 5 6 8 9 10 11 13 14 15 16 | 16.7
Fighting       | 4 5 6 7 8 9 10 11 12 13 | 13.5
Shields        | 4 5 6 8 9 |  9.0
Armour         | 3 5 7 8 10 11 | 11.4
Invocations    | 4 5 7 8 9 11 12 13 | 13.5
Dodging        | |  0.8

Action                   |  1- 3 |  4- 6 |  7- 9 | 10-12 | 13-15 | 16-18 || total
-------------------------+-------+-------+-------+-------+-------+-------++-------
Melee: Falchion          |    97 |   200 |   494 |       |       |       ||   791
       Great sword       |       |       |    50 |   870 |   762 |       ||  1682
       Triple sword      |       |       |       |       |   155 |    19 ||   174
Throw: Boomerang         |       |       |       |     7 |     2 |       ||     9
Invok: Depart the Abyss  |     1 |       |       |       |       |       ||     1
       Banish            |       |       |       |     2 |    16 |       ||    18
       Corrupt           |       |       |       |     1 |     1 |       ||     2
       Bend Space        |       |       |       |     1 |       |       ||     1
 Abil: Dig               |     1 |       |     2 |     8 |     7 |       ||    18
Evoke: Wand              |       |       |     3 |    17 |       |       ||    20
  Use: Potion            |     1 |       |       |     3 |     3 |     2 ||     9
       Scroll            |       |       |    13 |     7 |    19 |       ||    39
 Stab: Petrified         |       |       |       |       |     2 |       ||     2
  Eat: Ration            |     1 |     2 |     6 |     9 |    11 |       ||    29
Armor: Leather armour    |    18 |       |       |       |       |       ||    18
       Plate armour      |    42 |   154 |   254 |   518 |   404 |     3 ||  1375
       Skin              |       |       |       |       |    46 |       ||    46
Dodge: Dodged            |    38 |    56 |    83 |   158 |   237 |     6 ||   578
Block: Kite shield       |       |       |   177 |   561 |   527 |    10 ||  1275
       Reflection        |       |       |     4 |       |       |       ||     4
       Rpst.: Falchion   |    11 |    24 |    22 |       |       |       ||    57
       Great sword       |       |       |     3 |    40 |    56 |       ||    99
       Triple sword      |       |       |       |       |    11 |     3 ||    14

Table legend:
 A = Non-vault XP
 B = Vault XP
 C = Vault XP percentage of total XP
 D = Non-vault monster count
 E = Vault monster count
 F = Vault count percentage of total count
                 A         B        C        D         E       F
            +---------+---------+-------+---------+---------+-------
      Total |   59022 |   52456 |  47.1 |     503 |     188 |  27.2
            +---------+---------+-------+---------+---------+-------
        D:1 |      38 |       0 |   0.0 |      19 |       0 |   0.0
        D:2 |      37 |       0 |   0.0 |      14 |       0 |   0.0
        D:3 |     634 |       0 |   0.0 |      45 |       0 |   0.0
        D:4 |     396 |     708 |  64.1 |      21 |       7 |  25.0
        D:5 |     808 |       0 |   0.0 |      28 |       0 |   0.0
        D:6 |    1308 |       0 |   0.0 |      29 |       0 |   0.0
        D:7 |    1486 |     228 |  13.3 |      39 |       2 |   4.9
        D:8 |    1520 |     418 |  21.6 |      31 |       1 |   3.1
        D:9 |    4162 |       0 |   0.0 |      20 |       0 |   0.0
       D:10 |    4375 |     953 |  17.9 |      36 |       4 |  10.0
       D:11 |    5177 |     880 |  14.5 |      53 |       5 |   8.6
       D:12 |    2553 |    2135 |  45.5 |      21 |      56 |  72.7
       D:13 |    6971 |    9561 |  57.8 |      23 |      11 |  32.4
       D:14 |    1897 |    2841 |  60.0 |       9 |       1 |  10.0
     Lair:1 |    3929 |       0 |   0.0 |      20 |       0 |   0.0
     Lair:2 |    6774 |      88 |   1.3 |      27 |       1 |   3.6
     Lair:3 |    4521 |    6889 |  60.4 |      16 |      18 |  52.9
     Lair:4 |    4292 |    3158 |  42.4 |      18 |       6 |  25.0
     Lair:5 |    1806 |    5197 |  74.2 |      10 |      28 |  73.7
     Lair:6 |    6338 |    9980 |  61.2 |      24 |      26 |  52.0
    Volcano |       0 |    5035 | 100.0 |       0 |      15 | 100.0
   Gauntlet |       0 |    4385 | 100.0 |       0 |       7 | 100.0
            +---------+---------+-------+---------+---------+-------
